Cogmind - Beta 14 @@@ ROGUE MODE // 2025.04.26 @ 03:27:05 Player: nameimpending Result: Destroyed by KL-BZZ(R) with Subdweller Beam Cannon Performance ------------- Evolutions (0) 0 Regions Visited (2) 400 Robots Destroyed (20) 100 Value Destroyed (417) 417 Prototype IDs (2) 40 Alien Tech Used (0) 0 Bonus (0) 0 TOTAL SCORE: 957 Bonus ------- None Cogmind --------- Core Integrity 0/250 Matter 263/300 Energy 161/170 System Corruption 0% Temperature Cool (10) Movement Walking (130) Location -10/Subcaves Parts ------- > --- POWER (1) -------- Makeshift Power Source > --- PROPULSION (2) --- Aluminum Leg Makeshift Leg > --- UTILITY (2) ------ Medium Storage Unit Structural Scanner > --- WEAPON (2) ------- (None) > --- INVENTORY (10) --- Aluminum Leg Wheel Medium Storage Unit High-capacity Matter Pod (71) Utility Shielding Scrap Shield Assault Rifle Welding Torch Peak State ------------ > --- POWER ------------ Light Nuclear Core > --- PROPULSION ------- Makeshift Leg Makeshift Leg > --- UTILITY ---------- Medium Storage Unit Structural Scanner > --- WEAPON ----------- Assault Rifle Assault Rifle > --- INVENTORY -------- Aluminum Leg Aluminum Leg Wheel Medium Storage Unit High-capacity Matter Pod Utility Shielding Scrap Shield Grenade Launcher Welding Torch [Rating: 16] Favorites ----------- Power Light Nuclear Core Engine Light Ion Engine Power Core Light Nuclear Core Propulsion Aluminum Leg Treads Light Treads Leg Aluminum Leg Utility Structural Scanner Device Structural Scanner Storage Small Storage Unit Weapon Assault Rifle Ballistic Gun Assault Rifle Launcher Grenade Launcher Special Weapon Welding Torch Build | -11 -10 -10 ------- Run | Yrd Mat Sub Slots Evolved . | . . . Power . | . . . Propulsion . | . . . Utility . | . . . Weapon . | . . . Parts Attached 31 | 7 18 6 Power 4 | 1 2 1 Engine 3 | 1 1 1 Core 1 | . 1 . Reactor . | . . . Propulsion 8 | 2 3 3 Treads 2 | 2 . . Leg 6 | . 3 3 Wheel . | . . . Hover . | . . . Flight . | . . . Utility 4 | 2 2 . Device 2 | 1 1 . Storage 2 | 1 1 . Processor . | . . . Hackware . | . . . Protection . | . . . Artifact . | . . . Weapon 15 | 2 11 2 Energy Gun . | . . . Energy Cannon . | . . . Ballistic Gun 10 | 2 7 1 Ballistic Cannon . | . . . Launcher 4 | . 3 1 Special Weapon 1 | . 1 . Impact Weapon . | . . . Slashing Weapon . | . . . Piercing Weapon . | . . . Special Melee Weapon . | . . . Unidentified Prototypes . | . . . Parts Lost 9 | . 5 4 Power 2 | . 1 1 Propulsion 3 | . 2 1 Utility 1 | . 1 . Weapon 3 | . 1 2 Highest Loss Streak 3 | . 3 2 To Critical Strikes . | . . . Average Slot Usage (%) 95 | . 95 95 Engine 4 | . 4 . Core 9 | . 9 12 Treads 6 | . 7 . Leg 20 | . 19 28 Device 11 | . 10 14 Storage 14 | . 14 14 Ballistic Gun 24 | . 24 25 Launcher 2 | . 2 . Peak Build Rating 16 | 9 10 16 Average Rating 8 | 6 8 10 On Entrance 6 | . 9 10 Naked Turns . | . . . Heaviest Build 21 | 12 21 21 Greatest Support 40 | 40 40 40 Greatest Overweight (x) 1 | . 1 1 Average Overweight (x) . | . . . Largest Inventory Capacity 10 | 8 10 10 Average Capacity 8 | 7 8 10 Most Carried 10 | 2 10 10 Average Carried 6 | 1 6 8 Final Capacity 10 | 8 10 10 Final Carried 10 | 2 10 9 Class Distribution -------------------- 100% | Mutant Dominant Class ---------------- Mutant | -10/Materials Mutant | -10/Subcaves Resources | -11 -10 -10 ----------- Run | Yrd Mat Sub Matter Collected 753 | 196 448 109 Remotely . | . . . Salvage Created 515 | 23 492 . Parts 46 | 4 42 . Haulers Intercepted 1 | . 1 . Recyclers Shooed . | . . . Parts Field Recycled . | . . . Retrieved Matter . | . . . Parts Self-Destructed . | . . . Prevented . | . . . Kills | -11 -10 -10 ------- Run | Yrd Mat Sub Combat Hostiles Destroyed 10 | . 10 . Guns 5 | . 5 . AOE 4 | . 4 . Classes Destroyed 7 | 1 6 . Worker 3 | . 3 . Builder 2 | . 2 . Tunneler 1 | 1 . . Hauler 1 | . 1 . Watcher 3 | . 3 . Swarmer 4 | . 4 . Grunt 6 | . 6 . Best Kill Streak 8 | 1 8 . Combat Bots Only 3 | . 3 . Max Kills in Single Turn 6 | 1 6 . Gunslinging . | . . . Exploded 2 | . 2 . Melee . | . . . Uniques/NPCs Destroyed . | . . . Combat | -11 -10 -10 -------- Run | Yrd Mat Sub Hostile Shots Fired 145 | . 103 42 Missed 41 | . 21 20 Damage Taken 1315 | . 807 508 Core 257 | . 138 119 Absorbed by Shields . | . . . Core Remaining (%) 100 | 100 . . Volleys Fired 47 | 1 46 . Largest 2 | 2 2 . Hottest 50 | 40 50 . Shots Fired 89 | 2 87 . Gun 76 | 2 74 . Cannon . | . . . Launcher 9 | . 9 . Special 4 | . 4 . Kinetic 76 | 2 74 . Thermal 4 | . 4 . Explosive 9 | . 9 . Electromagnetic . | . . . Robot Hit Streak 6 | 1 6 . Robot Miss Streak 5 | . 5 . Penetration Max . | . . . Secondary Targets 1 | . 1 . Max Gunslinging Chain 1 | . 1 . Shots Hit Robots 31 | 1 30 . Core Hits 35 | 1 34 . Critical Kills . | . . . Critical Parts Destroyed . | . . . Critical Strikes . | . . . Melee Attacks . | . . . Impact . | . . . Slashing . | . . . Piercing . | . . . Sneak Attacks . | . . . Combat Hostiles . | . . . Follow-up Attacks . | . . . Damage Inflicted 861 | 12 849 . Guns 374 | 12 362 . Cannons . | . . . Explosions 466 | . 466 . Melee . | . . . Ramming 21 | . 21 . Kinetic 374 | 12 362 . Thermal . | . . . Explosive 192 | . 192 . Electromagnetic 274 | . 274 . Impact . | . . . Slashing . | . . . Piercing . | . . . Highest Corruption . | . . . Average Corruption . | . . . Corruption Purged . | . . . Corruption Blocked . | . . . Overload Shots . | . . . Overflow Damage 4 | . 4 . Projectiles . | . . . Explosions 3 | . 3 . Melee 1 | . 1 . Knockbacks . | . . . Impact . | . . . Kinetic . | . . . Secondary . | . . . Self-Inflicted Damage 55 | . 55 . Shots 3 | . 3 . Rammed 5 | . 5 . Targets Rammed 6 | . 6 . Kicked 1 | . 1 . Crushed . | . . . Highest Temperature 20 | . 20 . Average Temperature 7 | . 7 . Received Heat Transfer 258 | . 105 153 Siege Activations . | . . . Robots Corrupted 1 | . 1 . Combat Hostiles 1 | . 1 . Parts Fried 3 | . 3 . Impact Corruptions 1 | . 1 . Robots Melted . | . . . Combat Hostiles . | . . . Parts Melted . | . . . Heat Transferred . | . . . Parts Sabotaged . | . . . Parts Stolen . | . . . Parts Stripped . | . . . Power Chain Reactions 1 | . 1 . Alert | -11 -10 -10 ------- Run | Yrd Mat Sub Peak Influence 363 | 5 363 . Initial 3 | . 3 . Average 150 | 2 158 . Maximum Alert Level 1 | . 1 . Low Security (%) 69 | 100 68 . Level 1 30 | . 31 . Level 2 . | . . . Level 3 . | . . . Level 4 . | . . . Level 5 . | . . . High Security . | . . . Max Security . | . . . Squads Dispatched 1 | . 1 . Investigation 1 | . 1 . Extermination . | . . . Reinforcement . | . . . Assault . | . . . Garrison . | . . . Intercept . | . . . Searches Triggered . | . . . Construction Impeded . | . . . Haulers Reinforced . | . . . Active Scanning Responses . | . . . Cargo Convoy Interrupts . | . . . Stealth | -11 -10 -10 --------- Run | Yrd Mat Sub Distress Signals 1 | . 1 . Communications Jammed . | . . . Distress Signals . | . . . Times Spotted 19 | . 16 3 Peak Tracking Total 5 | . 5 3 Tactical Retreats 1 | . 1 . Traps | -11 -10 -10 ------- Run | Yrd Mat Sub Traps Triggered 6 | . 6 . Indirectly 4 | . 4 . Trap Hack Attempts . | . . . Triggered . | . . . Disarmed . | . . . Reprogrammed . | . . . Reused . | . . . Traps Extracted . | . . . Installed . | . . . Triggered . | . . . Machines | -11 -10 -10 ---------- Run | Yrd Mat Sub Machines Disabled 9 | . 9 . Max in Single Turn 7 | . 7 . Machines Repaired . | . . . Machines Dismantled . | . . . Machines Sabotaged . | . . . Overloaded Fab Kills . | . . . Hacking | -11 -10 -10 --------- Run | Yrd Mat Sub Machines Accessed 7 | . 7 . Terminals 6 | . 6 . Fabricators . | . . . Repair Stations . | . . . Recycling Units 1 | . 1 . Scanalyzers . | . . . Garrison Access . | . . . Total Hacks 29 | . 29 . Successful 22 | . 22 . Failed 7 | . 7 . Catastrophic 1 | . 1 . Database Lockouts . | . . . Manual 19 | . 19 . Terminals 28 | . 28 . Fabricators . | . . . Repair Stations . | . . . Recycling Units 1 | . 1 . Scanalyzers . | . . . Garrison Access . | . . . Terminal Hacks 13 | . 13 . Record 3 | . 3 . Prototype ID Bank 1 | . 1 . Branch Access Points 1 | . 1 . Emergency Access Points 1 | . 1 . Terminal Index 1 | . 1 . Recycling Unit Index 1 | . 1 . Dispatch Records 1 | . 1 . Maintenance Status 1 | . 1 . Surveillance Status 1 | . 1 . Hauler Manifests 1 | . 1 . Registered Prototypes 1 | . 1 . Fabricator Hacks . | . . . Repair Station Hacks . | . . . Recycling Unit Hacks . | . . . Scanalyzer . | . . . Garrison Access Hacks . | . . . Unauthorized Hacks 9 | . 9 . Terminals 8 | . 8 . Assimilate 1 | . 1 . Botnet 6 | . 6 . Operators 1 | . 1 . Fabricators . | . . . Repair Stations . | . . . Recycling Units 1 | . 1 . Tunnel 1 | . 1 . Scanalyzers . | . . . Garrison Access . | . . . Data Cores Recovered . | . . . Used . | . . . Hacking Detections 5 | . 5 . Full Trace Events 1 | . 1 . Feedback Events . | . . . Feedback Blocked . | . . . Robot Schematics Acquired . | . . . Robots Built . | . . . Authchips . | . . . Time . | . . . Total Robot Build Rating . | . . . Part Schematics Acquired . | . . . Parts Built . | . . . Authchips . | . . . Time . | . . . Total Part Build Rating . | . . . Parts Repaired . | . . . Time . | . . . Parts Recycled . | . . . Recycled Matter . | . . . Retrieved Matter . | . . . Retrieved Components . | . . . Parts Scanalyzed . | . . . Part Schematics Acquired . | . . . Parts Damaged . | . . . Bothacking | -11 -10 -10 ------------ Run | Yrd Mat Sub Used RIF Installer . | . . . Robots Hacked . | . . . Non-combat . | . . . Combat . | . . . Robot Hacks Applied . | . . . Relay Couplers Released . | . . . Fabnet Peak Effective % . | . . . Robots Rewired . | . . . Allies Hacked . | . . . Hacks Repelled . | . . . Allies | -11 -10 -10 -------- Run | Yrd Mat Sub Total Allies . | . . . Largest Group . | . . . Highest-Rated Group . | . . . Highest-Rated Ally . | . . . Total Orders . | . . . Ally Attacks . | . . . Total Damage . | . . . Kills . | . . . Allies Corrupted . | . . . Allies Melted . | . . . Intel | -11 -10 -10 ------- Run | Yrd Mat Sub Robot Analysis Total . | . . . Derelict Logs Recovered 1 | . . 1 Drone Launches . | . . . Drone Recoveries . | . . . Exploration | -11 -10 -10 ------------- Run | Yrd Mat Sub Turns Passed 1998 | 89 1660 249 Spaces Moved 1354 | 50 1113 191 Core 5 | 5 . . Treads 355 | 45 310 . Legs 994 | . 803 191 Wheels . | . . . Hover . | . . . Flight . | . . . Fastest Speed 50 | 50 120 120 Average Speed 131 | 149 131 124 Slowest Speed 190 | 160 190 190 Overloaded Moves . | . . . Propulsion Burnouts . | . . . Robots Hopped . | . . . Cave-ins Triggered . | . . . Exploration Rate (%) 39 | 5 100 14 Regions Visited 2 Branch Regions 1 Pre-discovered Areas 2 | . 1 1 Known Exits Taken . | . . . Unknown Exits Taken 2 | 1 1 . Scrap Searched 1 | . . 1 Spaces Dug 7 | . 7 . Terrain Destroyed 48 | . 48 . Melee . | . . . Projectile . | . . . AOE 48 | . 48 . Terrain Rammed . | . . . Walls Destroyed . | . . . Machines Disabled . | . . . Actions | -11 -10 -10 --------- Run | Yrd Mat Sub Total 1477 | 59 1214 204 Wait 21 | . 21 . Move 1352 | 49 1112 191 Hop . | . . . Pick Up 11 | 2 8 1 Fast Attach 12 | 7 3 2 Attach 4 | . 3 1 Detach 2 | . 1 1 Swap 15 | . 12 3 Drop 7 | . 2 5 Fire 47 | 1 46 . Melee . | . . . Ram . | . . . Kick 1 | . 1 . Crush 5 | . 5 . Escape Stasis . | . . . Rewire . | . . . Trap . | . . . Miscellaneous . | . . . Route ------- -11/Scrapyard -10/Materials (discovered 5 exits: [*Mat x3] / *Min / [*Sub]) -10/Subcaves (discovered 1 exit: [*Mat]) History --------- Turn | Location | Event 3 | -11/Scrapyard | Discovered new exit (range 14) 90 | -11/Scrapyard | Entered Materials 314 | -10/Materials | Build established: Mutant 409 | -10/Materials | Lost 3 parts (1n1u1w) 438 | -10/Materials | Discovered new exit (range 13) 606 | -10/Materials | Discovered new exit (range 16) 755 | -10/Materials | Discovered new exit (range 15) 915 | -10/Materials | Core integrity fell below 50% 1002 | -10/Materials | Identified exit to Mines 1008 | -10/Materials | Discovered new exit (range 8) 1050 | -10/Materials | Discovered new exit (range 11) 1750 | -10/Materials | Entered Subcaves 1848 | -10/Subcaves | A swath of the cavern ceiling suddenly collapsed 1894 | -10/Subcaves | Learned location of Storage (-9) 1913 | -10/Subcaves | Disturbed a concealed Subdweller 1933 | -10/Subcaves | Discovered new exit (range 15) 1998 | -10/Subcaves | Core integrity fell below 20% 1999 | -10/Subcaves | Destroyed by KL-BZZ(R) with Subdweller Beam Cannon Last Messages --------------- World map updated: -9/Storage. 01913_ F0-M7G(R) angrily emerges from the Twisted Machinery. 01913_ Searching scrap... 01913_ Found Sub. Shrapnel Launcher. 01913_ Found Piercing Trap. 01913_ Found 63 Matter. 01914_ Acquired 63 matter. 01914_ F0-M7G(R): "PAIN_QUERY?" 01919_ Subatomizers dissect the Sub. Shrapnel Launcher. 01933_ EXIT=FOUND 01943_ Subatomizers dissect the Mak. Leg. 01953_ Acquired 22 matter. 01958_ Grenade Launcher destroyed. 01961_ Lgt. Nuclear Core destroyed. 01988_ Acquired 24 matter. 01991_ Acquired Mak. Power Source. 01994_ Assault Rifle destroyed. 01996_ Mak. Leg destroyed. Map ----- +----------------------------------------------------+ | ????????### ### # ###????????????#### # | | ?????????## ### ##????????####### # | | ?????????## ### ##???????####### | | ???######## ## ###??????### ##### | | ??######### ###??????## # # # | | ??### ## ### ????## | | ??## &"## ## ???? ### ## | | ??### &] ???? ######## " | | ??## # #" ??????#########"" | | ??### ### ### ????????????### # | | ?????##### ### ###?????????????#### | | ???????### ####?????????????#### | | ????????### ######?????????????????? | | ????????######### ### ##?????????????????? | | ?????????######### ## ##?????????????????? | | ???????????????#### ##?????????????????? | | ?????????????###### ####???????###??????? | | ?????????????######### #######???? ##??????? | | ?????????###### ##### ###### ##??????? | | ?????????###### ### # # ##??????? | | ????????### ## ??????? | | ????????### ## ## < ???????? | | ????????## ### ## ## #?? ??????????? | | ????????### ## ##### ######????????????? | | ?????????### ## ;# ###????????????? | | ?????????### # ### @ ##????????????? | | ?????????### ###### ## ##????????????? | | ?????????### ### #### ##????????????? | | ????????### #; ### ####????????????? | | ????????### R ! ##?? ####????????????? | | ????????## RR ###?? ##??????????????? | | ????????### # ###???????????????????? | | ????????### ##; ##### ###????????????????????? | | ????????### ###############????????????????????? | | ????????## ########?#####?????????????????????? | | ????????## #?????????????????????????????????? | | ????????### ??????????????????????????????????? | | ????????##### ??????????????????????????????????? | | ?????????##### ??????????????????????????????????? | | ???????????### ??????????????????????????????????? | | ?????????????? ??????????????????????????????????? | | ?????????????? ??????????????????????????????????? | | ?????????????? ??????????????????????????????????? | | ?????????????????????????????????????????????????? | | ?????????????????????????????????????????????????? | | ?????????????????????????????????????????????????? | | ?????????????????????????????????????????????????? | | ?????????????????????????????????????????????????? | | ?????????????????????????????????????????????????? | | ?????????????????????????????????????????????????? | +----------------------------------------------------+ Best States ------------- Heat Dissipation 25 Energy Generation 14 Energy Capacity 160 Matter Stores 300 Matter Capacity 300 Sight Range 16 Terrain Scan Range 16 Terrain Scan Density 10 Evasion (%) 55 Recoil Reduction 2 Item Schematics ----------------- None Robot Schematics ------------------ None Fabricated ------------ Nothing Alien Tech Used ----------------- None Achievements -------------- None Challenges ------------ None Game ------ Seed AccelerationDisruptorBotcube Manual? 0 Play Time 00:13:31 Cumulative 55.8 hours Start 2025.04.26 @ 03:10:38 End 2025.04.26 @ 03:27:05 Sessions 1 Manual Loads 0 Difficulty Rogue Special Mode None Game No. 54 Rogue 50 Adventurer 4 Explorer 0 Win Type - Total 1 Types 1/0/0/0/0/0/0/0/0 Lore% 20 Gallery% 45 Achievement% 35 Wizard Run 0 Options --------- Layout 1 ASCII 0 Keyboard 1 Movement Numpad Keybinds 0 Fullscreen 1 Font 24/Smallcaps Map View 50x35 Zoom Use 0% Tactical HUD 1 Map Filters NONE Filters NONE Steam 1 RUN: 2e7f9053-1e3d-4fd6-9d5c-ff39839fc95a